AoeStats
← DG

Lombardia

507390037Analyzed
3v3 RM · 13d ago on Sep 18, 2026· 41m 14s· 6 players
Game mode
Random Map
Map size
Normal (6 player)
Population
200
Speed
Normal
Resources
Standard
Victory
Conquest
Starting age
Dark Age
Ending age
Imperial Age
RankedLock teamsTeams togetherTeam positionsShared explorationLock speedFull tech treeHidden civsTurbo modeCheats
Victory
Defeat
🇨🇱 Japanese · Chile
700
+15
🇹🇷 Byzantines · Türkiye
682
+16
🇨🇱 Slavs · Chile
601
+19
🇦🇷 Romans · Argentina
731
-19
🇦🇷 Persians · Argentina
676
-17
🇦🇷 Shu · Argentina
611
-14
Darioo091867
11:19 Feudal Age
11:55 Horse Collar
13:05 Gold Mining
21:24 Castle Age
19:06 Man-at-Arms
28:16 Heavy Plow
29:14 Long Swordsman
36:14 Wheelbarrow
37:16 Double-Bit Axe
40:46 Imperial Age
38:58 Pikeman
SINMANOS
11:40 Feudal Age
17:06 Horse Collar
19:42 Castle Age
32:21 Padded Archer Armor
32:12 Fletching
36:47 Double-Bit Axe
PulpoPol
15:56 Feudal Age
18:27 Double-Bit Axe
18:39 Horse Collar
18:30 Man-at-Arms
19:12 Scale Mail Armor
19:22 Forging
26:41 Castle Age
29:24 Long Swordsman
30:44 Iron Casting
30:24 Chain Mail Armor
34:57 Stone Mining
37:57 Gold Mining
41:07 Imperial Age
Carrizuwu
10:18 Feudal Age
11:52 Man-at-Arms
14:01 Scale Mail Armor
16:07 Arson
24:49 Double-Bit Axe
24:46 Horse Collar
29:17 Castle Age
28:23 Wheelbarrow
27:35 Loom
30:25 Forging
30:32 Chain Mail Armor
31:07 Long Swordsman
31:11 Pikeman
33:26 Gold Mining
33:50 Bow Saw
33:42 Heavy Plow
37:16 Redemption
37:34 Sanctity
37:25 Fervor
38:49 Squires
39:42 Iron Casting
Jeshu17hds
1:03 Loom
11:19 Feudal Age
12:44 Wheelbarrow
13:03 Town Watch
21:53 Castle Age
23:17 Hand Cart
22:32 Man-at-Arms
23:13 Squires
26:57 Horse Collar
27:05 Double-Bit Axe
28:58 Elite Skirmisher
29:00 Pikeman
29:01 Long Swordsman
32:33 Heavy Plow
36:53 Caravan
DG
9:52 Loom
11:58 Feudal Age
13:24 Wheelbarrow
12:36 Double-Bit Axe
12:34 Horse Collar
15:01 Forging
18:19 Forging
18:12 Scale Mail Armor
18:25 Gold Mining
21:43 Castle Age
20:36 Forging
20:26 Scale Mail Armor
21:06 Stone Mining
23:59 Pikeman
24:56 Bow Saw
24:48 Heavy Plow
25:36 Gold Shaft Mining
27:44 Stone Shaft Mining
30:16 Squires
30:01 Gambesons
32:05 Hand Cart
33:50 Iron Casting
33:31 Chain Mail Armor
33:22 Scale Barding Armor
36:15 Imperial Age
35:44 Caravan
36:14 Coinage
37:23 Chain Barding Armor
37:33 Plate Mail Armor
38:27 Cavalier
39:08 Husbandry
38:29 Light Cavalry
40:12 Plate Barding Armor
39:43 Onager
39:44 Capped Ram
Connection lost

Rejoining the realm…

Still unreachable

The connection could not be restored.

Session expired

The server has moved on; the page needs a fresh start.